 Dungeon Crawl Stone Soup version 0.30-a0-462-gd5975efbca (webtiles) character file.

Game seed: 16816532024659810725

8 zishaf the Sneak (level 2, -9/15 HPs)
             Began as a Vine Stalker Brigand on Dec 16, 2022.
             Mangled by a hobgoblin
             ... wielding a +0 halberd
              (11 damage)
             ... on level 2 of the Dungeon.
             The game lasted 00:00:34 (455 turns).

zishaf the Sneak (Vine Stalker Brigand)              Turns: 455, Time: 00:00:35

Health: -9/15      AC:  3    Str: 13    XL:     2   Next: 8%
Magic:  0/3        EV: 11    Int: 11    God:
Gold:   42         SH:  0    Dex: 15    Spells: 1/1 levels left

rFire   . . .      SeeInvis .    a - +2 dagger
rCold   . . .      Faith    .    (no shield)
rNeg    . . .      Spirit   +    b - +0 robe
rPois   .          Reflect  .    (no helmet)
rElec   .          Harm     .    c - +0 cloak
rCorr   .          Rampage  .    (no gloves)
Will    .....                    (no boots)
Stlth   +++.......               (no amulet)
HPRegen 0.22/turn                (no ring)
MPRegen 0.08/turn                (no ring)

@: no status effects
A: fangs 2, magic shield, antimagic bite, no potion heal 2
a: no special abilities


You were on level 2 of the Dungeon.
You visited 1 branch of the dungeon, and saw 2 of its levels.

You collected 42 gold pieces.

Inventory:

Hand Weapons
 a - a +2 dagger (weapon)
Missiles
 d - 9 poisoned darts (quivered)
 e - 3 curare-tipped darts
Armour
 b - a +0 robe (worn)
 c - a +0 cloak (worn)
Scrolls
 f - a scroll of enchant weapon {unknown}
 g - a scroll of identify {unknown}
 j - a scroll of fog {unknown}
 k - 2 scrolls of teleportation {unknown}
 l - a scroll of magic mapping {unknown}
Potions
 h - 2 potions of attraction {unknown}
 i - a potion of flight {unknown}


   Skills:
 + Level 1.9 Fighting
 + Level 1.9 Short Blades
 - Level 2.0 Throwing
 - Level 1.0 Dodging
 + Level 4.9 Stealth


You had one spell level left.
You didn't know any spells.
Your spell library was empty.

Dungeon Overview and Level Annotations

Branches:
Dungeon (2/15)

Altars:


Innate Abilities, Weirdness & Mutations

You have extremely sharp teeth.
When hurt, damage is shared between your health and your magic reserves.
Your bite disrupts and absorbs the magic of your enemies.
Potions cannot restore your health.


Message History

You closely miss the frilled lizard. You bite the frilled lizard.
You drain its power.
The frilled lizard is moderately wounded.
The frilled lizard closely misses you.
You hit the frilled lizard.
The frilled lizard is severely wounded.
The frilled lizard barely misses you.
You hit the frilled lizard.
The frilled lizard is severely wounded.
The frilled lizard closely misses you.
You barely miss the frilled lizard. You bite the frilled lizard.
You kill the frilled lizard!
Training target 2.0 for Throwing reached!
Your Throwing skill increases to level 2!
HP restored.
Found a faded altar of an unknown god.
You now have 42 gold pieces (gained 11).
A rat, a frilled lizard and a hobgoblin come into view.
The hobgoblin moves out of view.
Found a leather armour.
The hobgoblin shouts!
The hobgoblin barely misses you.
The hobgoblin hits you with a +0 halberd.
You barely miss the hobgoblin.
The frilled lizard hisses angrily.
You bite the hobgoblin, but do no damage.
The rat bites you.
The hobgoblin hits you with a +0 halberd.
You hit the hobgoblin.
The hobgoblin is heavily wounded.
The rat closely misses you.
The hobgoblin hits you with a +0 halberd!
* * * LOW HITPOINT WARNING * * *
You are too injured to fight recklessly!
You hit the hobgoblin.
The hobgoblin is severely wounded.
The rat barely misses you.
The hobgoblin hits you with a +0 halberd!
Ouch! That really hurt!
You die...

#.# #.# ##+## #.#
##...########.##
##.....#...##...######
###.....................
............#.........#.
............###.###.###
##..[lr@....#.........#
........g.#.#.#P#.#.#P#
.........##.#......P..#
##.##...###.###.###P###
# ##+## #.#P..._PPPP# #.
#.###.###.###
#.#....#.†P......# ##.#.
#.#.#.#.#P#.# ##....
#.#......P..#


You could see a hobgoblin, a frilled lizard and a rat.

Vanquished Creatures
  2 endoplasms (D:1)
  A hobgoblin (D:1)
  A kobold (D:1)
  A quokka (D:1)
  2 frilled lizards (D:2)
7 creatures vanquished.

Notes
Turn   | Place    | Note
-------+----------+-------------------------------------------
     0 | D:1      | zishaf the Vine Stalker Brigand began the quest for the
                  | Orb.
     0 | D:1      | Reached XP level 1. HP: 11/11 MP: 2/2
   177 | D:1      | Reached skill level 1 in Dodging
   177 | D:1      | Reached XP level 2. HP: 15/15 MP: 3/3
   429 | D:2      | Found a faded altar of an unknown god.
   455 | D:2      | Mangled by a hobgoblin

Illustrated notes

Levels and vault maps discovered:
D:1:      minmay_arrival_glassed_features, layout_basic
D:2:      layout_loops_corners, serial_shops, nicolae_lakefront_shop,
          shapermc_ecumenical_altar_mp_urbaneastern,
          wad_floor_pattern_untrapped, glass_columns_a

Skill      XL: |  1  2 |
---------------+-------+-----
Dodging        | 1 |  1.0
Throwing       | 2 |  2.0
Fighting       | |  1.9
Short Blades   | |  1.9
Stealth        | |  4.9

Action                   || total
-------------------------++-------
Melee: Dagger            ||    16
       Bite              ||     5
 Stab: Sleeping          ||     4
Armor: Robe              ||     2
Dodge: Dodged            ||     8

Table legend: (Time is in decaauts)
 A = Elapsed time spent in this place.
 B = Non-inter-level travel time spent in this place.
 C = Inter-level travel time spent in this place.
 D = Time resting spent in this place.
 E = Time spent auto-exploring this place.
 F = Levels seen in this place.
 G = Mean time per level.
                   A        B        C        D        E       F      G
               +--------+--------+--------+--------+--------+-----+--------+
         Total |    453 |    431 |     22 |      0 |    361 |   2 |  226.5 |
       Dungeon |    453 |    431 |     22 |      0 |    361 |   2 |  226.5 |
               +--------+--------+--------+--------+--------+-----+--------+

Top non-repeatable levels by time:
     D:1: 383 daAuts
     D:2: 70 daAuts
